[Event "Titled Tuesday Blitz March 15 Early 2022"]
[White "Urbina Perez, Juan Antonio"]
[Black "Eggleston, Thomas A"]
[WhiteFideId "2217368"]
[BlackFideId "412139"]
[WhiteElo "2192"]
[BlackElo "2174"]
[Result "1/2-1/2"]
[Round "02"]
[TimeControl "180+1"]
[Date "2022.03.15"]
[WhiteClock "0:00:57"]
[BlackClock "0:00:06"]

1. e4 e6 2. d4 d5 3. Nd2 c5 4. Ngf3 Nf6 5. exd5 exd5 6. Bb5+ Bd7 7. Bxd7+ Nbxd7 8. O-O Be7 9. dxc5 Nxc5 10. Re1 O-O 11. Nd4 Nfe4 12. Nxe4 dxe4 13. Be3 Rc8 14. Nf5 Bf6 15. c3 Nd3 16. Re2 a6 17. Rd2 Qa5 18. Nd4 Rfd8 19. Qg4 Qe5 20. Nf5 g6 21. Nh6+ Kg7 22. Qh3 Nf4 23. Bxf4 Qxf4 24. Rxd8 Rxd8 25. Ng4 Bg5 26. Ne3 Rd2 27. Qg3 Qxg3 28. hxg3 Bxe3 29. fxe3 Rxb2 30. Rd1 Rxa2 31. Rd4 Rc2 32. c4 f5 33. Rd7+ Kh6 34. Rxb7 Rxc4 35. Rb6 a5 36. Ra6 a4 37. g4 fxg4 38. Kf2 Kg5 39. Kg3 h5 40. Ra5+ Kf6 41. Kf4 g5+ 42. Rxg5 Rc1 43. Rxh5 a3 44. Ra5 Rc3 45. Kxe4 Ke6 46. g3 Rb3 47. Kf4 Kd6 48. e4 Kc6 49. Kxg4 Kb6 50. Ra8 Kb7 51. Ra4 Kb6 52. e5 Kb5 53. Ra8 Kb4 54. Kf4 Kc3 55. g4 Kb2 56. g5 a2 57. Rxa2+ Kxa2 58. g6 Rb8 59. Kf5 Kb3 60. e6 Kc4 61. e7 Kd5 62. Kf6 Kd6 63. Kf7 Rb7 64. g7 Rxe7+ 65. Kf8 Rxg7 66. Kxg7 1/2-1/2


[Site "https://www.chess.com"]

[Event "Titled Tuesday Blitz March 15 Early 2022"]
[White "Van Foreest, Jorden"]
[Black "Perez Gormaz, Matias"]
[WhiteFideId "1039784"]
[BlackFideId "3406342"]
[WhiteElo "2609"]
[BlackElo "2327"]
[Result "1-0"]
[Round "02"]
[TimeControl "180+1"]
[Date "2022.03.15"]
[WhiteClock "0:01:26"]
[BlackClock "0:00:14"]

1. e4 c5 2. Nf3 d6 3. Bb5+ Nd7 4. O-O Nf6 5. Re1 a6 6. Bf1 b6 7. c4 Bb7 8. Nc3 e6 9. d4 cxd4 10. Nxd4 Be7 11. b3 O-O 12. Bb2 Rc8 13. g3 Qc7 14. Bg2 Rfd8 15. Rc1 Qb8 16. g4 g5 17. h4 h6 18. Nd5 exd5 19. Nf5 Bf8 20. exd5 Ne5 21. hxg5 hxg5 22. Qd2 Nh7 23. Rc3 Re8 24. Rh3 f6 25. Nd4 Ng6 26. Ne6 Ne5 27. Qc2 Rc7 28. Bxe5 dxe5 29. Qg6+ Rg7 30. Nxg7 Bxg7 31. Rxh7 Re7 32. Be4 Kf8 33. Re3 Qd6 34. Reh3 1-0


[Site "https://www.chess.com"]

[Event "Titled Tuesday Blitz March 15 Early 2022"]
[White "Van den Dikkenberg, Erik"]
[Black "Jeet, Jain"]
[WhiteFideId "1005880"]
[BlackFideId "5073022"]
[WhiteElo "2118"]
[BlackElo "2085"]
[Result "0-1"]
[Round "02"]
[TimeControl "180+1"]
[Date "2022.03.15"]
[WhiteClock "0:00:02"]
[BlackClock "0:00:14"]

1. e4 c6 2. d4 d5 3. exd5 cxd5 4. Bd3 Nc6 5. c3 Nf6 6. Bf4 Bg4 7. Qb3 Qd7 8. Nd2 e6 9. Ngf3 Bd6 10. Bxd6 Qxd6 11. O-O O-O 12. Rae1 Rab8 13. Ne5 Bh5 14. f4 b5 15. Ndf3 Na5 16. Qc2 Nc4 17. b3 Na3 18. Qf2 Rfc8 19. Qb2 a5 20. Ng5 b4 21. cxb4 axb4 22. g4 Nxg4 23. Nxg4 Bxg4 24. Bxh7+ Kf8 25. Bd3 Rc3 26. f5 Rxd3 27. fxe6 f6 28. e7+ Ke8 29. Qg2 Rxd4 30. Nf3 Rf4 31. h3 f5 32. Ne5 Re4 33. hxg4 Rxe5 34. gxf5 Rxe7 35. Rxe7+ Qxe7 36. Qg6+ Qf7 37. Re1+ Kf8 38. Qd6+ Kg8 39. Qxb8+ Kh7 40. Qf4 Nc2 41. Re2 Qa7+ 42. Kh1 Nd4 43. Qh4+ Kg8 44. Re8+ Kf7 45. Qd8 Nxf5 46. Rf8+ Kg6 47. Qe8+ Kg5 48. Qd8+ Kg4 49. Rxf5 Kxf5 50. Qxd5+ Kf6 51. Qc4 Qb7+ 52. Kh2 g5 53. Qd4+ Kg6 54. Qd6+ Kh5 55. Qd1+ Kh4 56. Qe1+ Kg4 57. Qg3+ Kf5 58. Qf2+ Kg6 59. Qc2+ Kh6 60. Qc4 Qb6 61. Qe4 Qd6+ 62. Kg2 Qd2+ 63. Kg3 Qd6+ 64. Kg2 Kh5 65. Qf3+ Kg6 66. Qe4+ Kf6 67. Qf3+ Ke7 68. Qe4+ Kd7 69. Qf5+ Kc7 70. Qa5+ Kb7 71. Qb5+ Kc8 72. Qc4+ Kd8 73. Qg8+ Kc7 74. Qg7+ Kb6 75. Qg6 Qxg6 0-1


[Site "https://www.chess.com"]

[Event "Titled Tuesday Blitz March 15 Early 2022"]
[White "Vlassov, Nikolai"]
[Black "Dreev, Aleksey"]
[WhiteFideId "4103360"]
[BlackFideId "4100107"]
[WhiteElo "2407"]
[BlackElo "2625"]
[Result "0-1"]
[Round "02"]
[TimeControl "180+1"]
[Date "2022.03.15"]
[WhiteClock "0:00:05"]
[BlackClock "0:00:08"]

1. e4 c5 2. c3 d5 3. exd5 Qxd5 4. d4 Nf6 5. Nf3 e6 6. a3 Be7 7. Be3 cxd4 8. cxd4 O-O 9. Nc3 Qd6 10. Qc2 Nc6 11. Bd3 a6 12. O-O Rd8 13. Rad1 Bd7 14. Qd2 Be8 15. Rfe1 Rac8 16. h3 b5 17. Bf4 Qd7 18. Ne5 Qb7 19. Ne2 Nd5 20. Bg3 Bf6 21. Be4 Qb6 22. Qd3 g6 23. Qf3 Bg7 24. Nxc6 Bxc6 25. Be5 Ne7 26. Ng3 Nf5 27. Nxf5 exf5 28. Bxc6 Qxc6 29. Qxc6 Rxc6 30. Bxg7 Kxg7 31. Rd2 Kf6 32. f3 Rc4 33. d5 Rd6 34. g3 h5 35. Kf2 h4 36. gxh4 Rxh4 37. Kg3 g5 38. Rc1 f4+ 39. Kg2 Rh8 40. Rc6 Rd8 41. Rd4 Ke5 42. Rxd6 Rxd6 43. Re4+ Kxd5 44. h4 f6 45. hxg5 fxg5 46. Kh3 Re6 47. Rb4 Re2 48. Kg4 Rg2+ 49. Kf5 Kc5 50. Rb3 Kb6 51. a4 Ka5 52. axb5 axb5 53. Ra3+ Kb4 54. Ra8 Kb3 55. Rb8 b4 56. Rb7 Rf2 57. Kxg5 Rxf3 58. Kg4 Rf2 59. Rb8 Rxb2 60. Kxf4 Rd2 61. Ke3 Rd6 62. Ke2 Kc3 63. Rb6 Rxb6 0-1


[Site "https://www.chess.com"]

[Event "Titled Tuesday Blitz March 15 Early 2022"]
[White "Vokarev, Sergey"]
[Black "Dushyant Sharma"]
[WhiteFideId "4119711"]
[BlackFideId "25065130"]
[WhiteElo "2398"]
[BlackElo "2105"]
[Result "0-1"]
[Round "02"]
[TimeControl "180+1"]
[Date "2022.03.15"]
[WhiteClock "0:00:01"]
[BlackClock "0:01:15"]

1. e4 d5 2. exd5 Nf6 3. Nf3 Bg4 4. Be2 Qxd5 5. Nc3 Qd8 6. h3 Bh5 7. Ne5 Bxe2 8. Qxe2 c6 9. O-O e6 10. Re1 Bd6 11. d4 O-O 12. Bg5 Be7 13. Rad1 Nbd7 14. Bf4 Nd5 15. Nxd5 cxd5 16. Rd3 Rc8 17. c3 Nxe5 18. Bxe5 Bf6 19. Rg3 Bxe5 20. Qxe5 g6 21. Qf4 Kg7 22. h4 Qf6 23. Qg4 h5 24. Qxh5 Rh8 25. Qe5 Rxh4 26. Rf3 Qxe5 27. Rxe5 Rch8 28. Rh3 Rxh3 29. gxh3 Rxh3 30. a4 Rd3 31. Re2 Rd1+ 32. Kg2 Ra1 33. b3 a5 34. c4 dxc4 35. bxc4 Rxa4 36. Rc2 Rb4 37. Kf3 Kf6 38. Ke4 g5 39. Kd3 Rb3+ 40. Ke4 Ke7 41. d5 exd5+ 42. Kxd5 f5 43. c5 Rb5 44. Re2+ Kf6 45. Kd6 a4 46. Re6+ Kg7 47. Re7+ Kg6 48. Re6+ Kh5 49. Re3 Rb3 50. Re7 a3 0-1


[Site "https://www.chess.com"]

[Event "Titled Tuesday Blitz March 15 Early 2022"]
[White "Weishaeutel, Moritz"]
[Black "Fier, Alexandr"]
[WhiteFideId "12967300"]
[BlackFideId "2107139"]
[WhiteElo "2002"]
[BlackElo "2571"]
[Result "0-1"]
[Round "02"]
[TimeControl "180+1"]
[Date "2022.03.15"]
[WhiteClock "0:00:05"]
[BlackClock "0:01:06"]

1. e4 Nf6 2. Nc3 d5 3. e5 Nfd7 4. e6 fxe6 5. d4 c5 6. dxc5 Nc6 7. Bd3 Nxc5 8. Qh5+ Kd7 9. Be2 g6 10. Qh3 Kc7 11. Nf3 Bg7 12. Qg3+ e5 13. Be3 d4 14. O-O-O Kb6 15. b4 Ne6 16. b5 Qd6 17. Na4+ Kc7 18. bxc6 Qa3+ 19. Nb2 Qxa2 20. Nxd4 Qa1+ 21. Kd2 Qxb2 22. Nb5+ Kxc6 23. Qf3+ Kd7 24. Rb1 e4 25. Qxe4 Qe5 26. Qd3+ Ke8 27. Bg4 Kf7 28. Rhe1 Rd8 29. Bxe6+ Bxe6 30. Nd4 Rxd4 31. Bxd4 Qxd4 32. Qxd4 Bxd4 33. Rxb7 Rd8 34. Kc1 Bb6 35. f4 Kf6 36. h3 h5 37. g4 hxg4 38. hxg4 Bxg4 39. Rexe7 Be6 40. Rh7 Be3+ 41. Kb2 Bxf4 42. Rxa7 Rb8+ 43. Rab7 Rc8 44. Rb4 Be5+ 45. Kb1 Bf5 0-1


[Site "https://www.chess.com"]

[Event "Titled Tuesday Blitz March 15 Early 2022"]
[White "Williams, Simon K"]
[Black "Narayanan.S.L"]
[WhiteFideId "404454"]
[BlackFideId "5058422"]
[WhiteElo "2468"]
[BlackElo "2494"]
[Result "0-1"]
[Round "02"]
[TimeControl "180+1"]
[Date "2022.03.15"]
[WhiteClock "0:01:03"]
[BlackClock "0:02:02"]

1. d4 Nf6 2. c4 g6 3. h4 h5 4. Nc3 Bg7 5. e4 d6 6. Be2 e5 7. d5 Nbd7 8. Nf3 Nc5 9. Ng5 a5 10. Be3 O-O 11. f3 c6 12. O-O a4 13. Bxc5 dxc5 14. dxc6 bxc6 15. Qc2 a3 16. Rad1 Qe7 17. b3 Ne8 18. Na4 Nc7 19. Qd2 f6 20. Nh3 Bxh3 21. gxh3 Rfd8 22. Qe3 Ne6 0-1


[Site "https://www.chess.com"]

[Event "Titled Tuesday Blitz March 15 Early 2022"]
[White "Xu, Yi"]
[Black "Chen, Justin"]
[WhiteFideId "8605564"]
[BlackFideId "2098199"]
[WhiteElo "2471"]
[BlackElo "2422"]
[Result "0-1"]
[Round "02"]
[TimeControl "180+1"]
[Date "2022.03.15"]
[WhiteClock "0:00:01"]
[BlackClock "0:00:04"]

1. e4 e6 2. d4 d5 3. Nc3 dxe4 4. Nxe4 Nd7 5. Nf3 Ngf6 6. Nxf6+ Nxf6 7. c3 c5 8. Ne5 Nd7 9. Bb5 a6 10. Qa4 Rb8 11. Bxd7+ Bxd7 12. Nxd7 Qxd7 13. Qxd7+ Kxd7 14. Bf4 Rd8 15. O-O-O Kc6 16. Be3 Be7 17. Kc2 cxd4 18. Bxd4 f6 19. f4 Bc5 20. Rhe1 Rd6 21. Bxc5 Kxc5 22. b4+ Kc6 23. Rxd6+ Kxd6 24. c4 Re8 25. Kd3 e5 26. fxe5+ Rxe5 27. Re4 Rf5 28. c5+ Kc6 29. Re6+ Kd7 30. Re2 Rf4 31. Kc3 h5 32. Kb3 h4 33. Ka4 Kc6 34. Ka5 g5 35. a4 g4 36. Re6+ Kd7 37. Re2 Kc6 38. Re8 Kd7 39. Rh8 Rf2 40. Rxh4 Rxg2 41. Kb6 Rb2 42. b5 axb5 43. axb5 f5 44. Rh7+ Ke6 45. Rxb7 f4 46. Rb8 f3 47. c6 Rxh2 48. c7 Rc2 49. Rf8 Ke7 50. Rf4 f2 51. Kb7 g3 52. c8=Q Rxc8 53. Kxc8 g2 54. Rxf2 g1=Q 55. Re2+ Kd6 56. Rc2 Qg8+ 57. Kb7 Qd5+ 58. Rc6+ Kd7 59. Kb6 Qd4+ 60. Kb7 Qd5 61. Kb6 Qd4+ 62. Kb7 Qf2 63. Rc7+ Kd6 64. Rc6+ Kd5 0-1


[Site "https://www.chess.com"]

[Event "Titled Tuesday Blitz March 15 Early 2022"]
[White "Yang, Kaiqi"]
[Black "Polster, Christian"]
[WhiteFideId "8604398"]
[BlackFideId "12965081"]
[WhiteElo "2373"]
[BlackElo "2277"]
[Result "1/2-1/2"]
[Round "02"]
[TimeControl "180+1"]
[Date "2022.03.15"]
[WhiteClock "0:00:03"]
[BlackClock "0:00:08"]

1. e4 c5 2. Nc3 a6 3. g3 Nc6 4. Bg2 g6 5. d3 Bg7 6. Be3 Nd4 7. Qd2 b5 8. a3 Bb7 9. Rb1 d6 10. Nge2 e6 11. O-O Ne7 12. b4 Rc8 13. Nd1 Nxe2+ 14. Qxe2 cxb4 15. axb4 O-O 16. c4 bxc4 17. dxc4 Qc7 18. c5 Rfd8 19. Nb2 Nc6 20. Nc4 dxc5 21. Bxc5 Bd4 22. Rfc1 Bxc5 23. bxc5 Nd4 24. Qa2 Ba8 25. Nb6 Rb8 26. Qxa6 Bb7 27. Qc4 Bc6 28. h4 e5 29. h5 Kg7 30. hxg6 hxg6 31. Rd1 Bd7 32. Nd5 Qc6 33. Rxb8 Rxb8 34. Bf1 Be6 35. Kg2 Rd8 36. Kg1 Bxd5 37. exd5 Qxd5 38. Qxd5 Rxd5 39. Rc1 Rd8 40. c6 Rc8 41. c7 Ne6 42. Bh3 Rxc7 43. Rxc7 Nxc7 44. Bf1 f6 45. Kg2 Ne8 46. Be2 Nd6 47. f4 e4 48. Kf2 f5 49. Ke3 Kf6 50. Bf1 Ne8 51. Be2 Ng7 52. g4 Ne6 53. g5+ Ke7 54. Bc4 Kd6 55. Bb3 Nd8 56. Bc4 Kc5 57. Ba2 Kd6 58. Bg8 Ke7 59. Bb3 Ne6 60. Bc4 Nc5 61. Ba2 Nd3 62. Bc4 Ne1 63. Kf2 Nf3 64. Be2 Nd4 65. Bc4 Nc2 66. Ke2 Nb4 67. Bb3 Nc6 68. Ke3 Kf8 69. Ba2 Nb4 70. Bb3 Nc6 71. Bc4 Nb4 72. Bb3 Nc6 1/2-1/2


[Site "https://www.chess.com"]

[Event "Titled Tuesday Blitz March 15 Early 2022"]
[White "Yedidia, Daniel"]
[Black "Huda, Maryana"]
[WhiteFideId "30905907"]
[BlackFideId "14116553"]
[WhiteElo "2479"]
[BlackElo "2229"]
[Result "1-0"]
[Round "02"]
[TimeControl "180+1"]
[Date "2022.03.15"]
[WhiteClock "0:02:12"]
[BlackClock "0:01:05"]

1. d4 c6 2. c4 d5 3. Nf3 Nf6 4. Nc3 Bf5 5. Qb3 Qb6 6. c5 Qc7 7. Bf4 Qc8 8. e3 Nbd7 9. h3 e6 10. g4 Bg6 11. Be2 Be7 12. Qd1 b6 13. b4 a5 14. a3 Ne4 15. Nxe4 Bxe4 16. O-O O-O 17. Nd2 f5 18. f3 g5 19. Bd6 Bxd6 20. cxd6 Nf6 21. fxe4 Nxe4 22. Nxe4 fxe4 23. Qe1 Qd7 24. Qg3 axb4 25. axb4 Rxf1+ 26. Rxf1 Ra2 27. Rf2 c5 28. bxc5 bxc5 29. dxc5 Rc2 30. Qe5 h6 31. Qf6 Qg7 32. Qxe6+ 1-0


[Site "https://www.chess.com"]

[Event "Titled Tuesday Blitz March 15 Early 2022"]
[White "Zhigalko, Sergei"]
[Black "De Souza, Cristiano Gomes"]
[WhiteFideId "13502956"]
[BlackFideId "2151758"]
[WhiteElo "2662"]
[BlackElo "2068"]
[Result "1-0"]
[Round "02"]
[TimeControl "180+1"]
[Date "2022.03.15"]
[WhiteClock "0:01:58"]
[BlackClock "0:02:28"]

1. e4 c5 2. Nf3 d6 3. d4 cxd4 4. Qxd4 Nf6 5. Nc3 Nc6 6. Bb5 Bd7 7. Bxc6 Bxc6 8. Bg5 e6 9. O-O-O Be7 10. Rhe1 Qa5 11. Kb1 h6 12. Bh4 Rd8 13. Qd2 b5 14. Nd4 Bd7 15. Ncxb5 Qxd2 16. Rxd2 Bxb5 17. Nxb5 Rd7 18. Bxf6 gxf6 19. Red1 1-0


[Site "https://www.chess.com"]

[Event "Titled Tuesday Blitz March 15 Early 2022"]
[White "Zong, Davis"]
[Black "Shimanov, Aleksandr"]
[WhiteFideId "30903955"]
[BlackFideId "4198603"]
[WhiteElo "2061"]
[BlackElo "2636"]
[Result "0-1"]
[Round "02"]
[TimeControl "180+1"]
[Date "2022.03.15"]
[WhiteClock "0:00:01"]
[BlackClock "0:00:18"]

1. e4 c6 2. d4 d5 3. exd5 cxd5 4. Bd3 Nf6 5. Bf4 Bg4 6. Nf3 Nc6 7. c3 e6 8. h3 Bh5 9. O-O Be7 10. Nbd2 O-O 11. Qb3 Na5 12. Qc2 Bg6 13. Bxg6 hxg6 14. Ne5 Rc8 15. Rfe1 b5 16. a3 Nb7 17. Ndf3 Ne4 18. Nd2 Nxd2 19. Qxd2 Nd6 20. Qe2 Bf6 21. Nd3 Nb7 22. a4 bxa4 23. Rxa4 a5 24. Ne5 Bxe5 25. Bxe5 Qb6 26. h4 f6 27. Bf4 Rfe8 28. Ra2 Kf7 29. h5 g5 30. Bg3 Rh8 31. b4 Rhe8 32. bxa5 Nxa5 33. Raa1 Nc4 34. Rab1 Qc6 35. Rb3 Re7 36. Reb1 Ra8 37. Qd3 Qe8 38. Qg6+ Kf8 39. Qh7 Qf7 40. Rb8+ Rxb8 41. Rxb8+ Re8 42. Qh8+ Ke7 43. Bd6+ Kd7 44. Rb7+ Kxd6 45. Rxf7 Rxh8 0-1


[Site "https://www.chess.com"]

[Event "Titled Tuesday Blitz March 15 Early 2022"]
[White "volunteers1998"]
[Black "Marson, Juan Miguel"]
[BlackFideId "106585"]
[WhiteElo "2250"]
[BlackElo "2053"]
[Result "1-0"]
[Round "02"]
[TimeControl "180+1"]
[Date "2022.03.15"]
[WhiteClock "0:00:09"]
[BlackClock "0:00:03"]

1. e4 e5 2. Nf3 Nc6 3. Bc4 Nf6 4. Ng5 d5 5. exd5 Na5 6. Bb5+ c6 7. dxc6 bxc6 8. Bd3 Nd5 9. Nf3 Bd6 10. O-O Nf4 11. Re1 Nxd3 12. cxd3 O-O 13. Nc3 c5 14. b3 Nc6 15. Bb2 Bg4 16. h3 Bh5 17. Ne4 f6 18. Rc1 Nb4 19. Qe2 Be7 20. Rc4 Nxd3 21. Rb1 Nf4 22. Qe3 Nd5 23. Qe2 f5 24. Ng3 Bxf3 25. Qxf3 e4 26. Qd1 Nf4 27. Qc2 Nd3 28. Ne2 Bf6 29. Bxf6 Rxf6 30. Nc1 Nf4 31. Rxc5 Rg6 32. Qc4+ Kh8 33. Kf1 Nxg2 34. Ne2 Nh4 35. Nf4 Rd6 36. Rd1 Nf3 37. d3 exd3 38. Rxf5 Nd4 39. Rd5 Rxd5 40. Qxd5 Ne6 41. Qxe6 Qc7 42. Qc4 Rf8 43. Qxc7 1-0


[Site "https://www.chess.com"]

[Event "Titled Tuesday Blitz March 15 Early 2022"]
[White "Aghamaliyev, Cemil"]
[Black "Van Foreest, Jorden"]
[WhiteFideId "13400215"]
[BlackFideId "1039784"]
[WhiteElo "2765"]
[BlackElo "2609"]
[Result "1-0"]
[Round "03"]
[TimeControl "180+1"]
[Date "2022.03.15"]
[WhiteClock "0:00:58"]
[BlackClock "0:00:40"]

1. d4 Nf6 2. Nc3 d5 3. Bg5 c5 4. Bxf6 gxf6 5. e3 Nc6 6. Qh5 e6 7. O-O-O cxd4 8. exd4 Bd7 9. Bb5 Qa5 10. Nge2 a6 11. Ba4 Rg8 12. g3 Rg6 13. Kb1 Rh6 14. Qf3 O-O-O 15. h4 f5 16. Rhe1 Rg6 17. Qh5 Bg7 18. Bxc6 bxc6 19. Nf4 c5 20. Nxg6 hxg6 21. Qh7 Bxd4 22. Qxf7 Kc7 23. Ne2 Bh8 24. Nf4 Rb8 25. Nxe6+ Kc6 26. Ng7 Qc3 27. Qxd5+ 1-0


[Site "https://www.chess.com"]

[Event "Titled Tuesday Blitz March 15 Early 2022"]
[White "Agrest, Evgenij"]
[Black "Chen, Qi b"]
[WhiteFideId "1705024"]
[BlackFideId "8614733"]
[WhiteElo "2574"]
[BlackElo "2432"]
[Result "1/2-1/2"]
[Round "03"]
[TimeControl "180+1"]
[Date "2022.03.15"]
[WhiteClock "0:00:13"]
[BlackClock "0:00:05"]

1. d4 Nf6 2. Nc3 d5 3. Bf4 a6 4. e3 c5 5. Nf3 Nc6 6. Ne5 cxd4 7. exd4 g6 8. Nxc6 bxc6 9. Bd3 Bg7 10. O-O O-O 11. Na4 Nd7 12. c3 e5 13. dxe5 Nxe5 14. Be2 a5 15. Nc5 Qe7 16. Be3 Rd8 17. Re1 Qc7 18. Qd2 Ng4 19. Bf4 Qb6 20. Na4 Qxf2+ 21. Kh1 Qa7 22. Bxg4 Bxg4 23. Be3 d4 24. cxd4 Bxd4 25. Bxd4 Rxd4 26. Qc2 Rad8 27. Qxc6 Be6 28. b3 R4d6 29. Qc5 Qa8 30. Nc3 Rd4 31. Re2 Rd3 32. Qe5 Bf5 33. Rae1 Qc6 34. Ne4 Bxe4 35. Qxe4 Qxe4 36. Rxe4 Rd2 37. Ra4 Rc8 38. a3 Rcc2 39. Rg4 Rb2 40. b4 axb4 41. axb4 h5 42. Rg3 Rxb4 43. h3 Kg7 44. Rf3 Rd7 45. Ref1 Rbd4 46. Kg1 R4d6 47. R3f2 f5 48. Rf3 Kf6 49. R3f2 Rd2 50. Rxd2 Rxd2 51. Rb1 h4 52. Rb6+ Kg5 53. Rc6 Re2 54. Kf1 Ra2 55. Kg1 Ra4 56. Kf1 Rf4+ 57. Kg1 Kh5 58. Kh2 g5 59. Rf6 g4 60. hxg4+ Kxg4 61. Rg6+ Kh5 62. Rg8 Rg4 63. Rh8+ Kg5 64. Kh3 Rg3+ 65. Kh2 Rb3 66. Rg8+ Kf4 67. Rh8 Kg4 68. Rg8+ Kf4 69. Rh8 Kg4 70. Rg8+ Kf4 1/2-1/2


[Site "https://www.chess.com"]

[Event "Titled Tuesday Blitz March 15 Early 2022"]
[White "Al-Tarboush, Ward"]
[Black "Christensen, Thomas"]
[WhiteFideId "7601450"]
[BlackFideId "1403532"]
[WhiteElo "2276"]
[BlackElo "2260"]
[Result "1-0"]
[Round "03"]
[TimeControl "180+1"]
[Date "2022.03.15"]
[WhiteClock "0:02:15"]
[BlackClock "0:02:05"]

1. e4 e5 2. Nf3 d5 3. exd5 e4 4. Qe2 Nf6 5. Nc3 Be7 6. Nxe4 O-O 7. d3 Nxd5 8. Bd2 f5 9. Nc3 Bf6 10. O-O-O Re8 11. Qxe8+ Qxe8 12. Nxd5 Qf7 13. Nxf6+ Qxf6 14. d4 h6 15. Bc3 Nd7 16. Bc4+ Kh7 17. h4 Nb6 18. Bb3 c6 19. Ng5+ Kh8 20. d5 Nxd5 21. Bxf6 1-0


[Site "https://www.chess.com"]

[Event "Titled Tuesday Blitz March 15 Early 2022"]
[White "Atakhan, Abtin"]
[Black "Bettalli, Francesco"]
[WhiteFideId "22502203"]
[BlackFideId "2816453"]
[WhiteElo "2119"]
[BlackElo "2216"]
[Result "1-0"]
[Round "03"]
[TimeControl "180+1"]
[Date "2022.03.15"]
[WhiteClock "0:02:17"]
[BlackClock "0:01:10"]

1. c4 c5 2. g3 g6 3. Bg2 Bg7 4. Nc3 Nc6 5. d3 d6 6. Qd2 e6 7. b3 Nge7 8. Bb2 O-O 9. e3 b6 10. Nge2 Bb7 11. O-O Qd7 12. d4 Rad8 13. Rad1 Qc8 14. Qc1 cxd4 15. exd4 d5 16. cxd5 Nxd5 17. Nxd5 exd5 18. Nf4 Ne7 19. Ba3 Qxc1 20. Rxc1 Rfe8 21. Rc7 Ba6 22. Bxe7 Bxf1 23. Bxf1 Rc8 24. Rxc8 Rxc8 25. Nxd5 Bxd4 26. Bc4 b5 27. Bxb5 Rc2 28. Ne3 Rxa2 29. Bc4 Ra1+ 30. Kg2 a5 31. Nc2 1-0


[Site "https://www.chess.com"]

[Event "Titled Tuesday Blitz March 15 Early 2022"]
[White "Avazkhonov, Alikhon"]
[Black "Tasev, Dejan"]
[WhiteFideId "14208504"]
[BlackFideId "936618"]
[WhiteElo "1739"]
[BlackElo "2253"]
[Result "0-1"]
[Round "03"]
[TimeControl "180+1"]
[Date "2022.03.15"]
[WhiteClock "0:00:05"]
[BlackClock "0:01:23"]

1. e4 Nf6 2. e5 Nd5 3. d4 d6 4. Nf3 dxe5 5. Nxe5 c6 6. Be2 Nd7 7. O-O Nxe5 8. dxe5 Be6 9. c4 Nb6 10. b3 g6 11. Nc3 Bg7 12. f4 O-O 13. Bb2 Qc7 14. Ne4 Rad8 15. Qc2 Bf5 16. g4 Bxe4 17. Qxe4 e6 18. Rad1 Rxd1 19. Rxd1 Rd8 20. Rxd8+ Qxd8 21. Qd4 Qxd4+ 22. Bxd4 Bf8 23. Bf3 Bb4 24. Kf2 Kf8 25. Ke2 Ke7 26. Kd3 Kd7 27. h4 Nc8 28. Be4 b6 29. h5 gxh5 30. gxh5 h6 31. f5 Ne7 32. f6 Nf5 33. Bxf5 exf5 34. Be3 Bf8 35. Bf4 Ke6 36. Kd4 a6 37. a4 b5 38. cxb5 cxb5 39. axb5 axb5 40. Kd3 Kd5 41. Kc3 Ke4 42. Bc1 f4 43. e6 fxe6 44. f7 e5 45. Bd2 Kf5 46. Kd3 e4+ 47. Kd4 e3 48. Bxe3 fxe3 49. Kxe3 Kf6 50. Ke4 Kxf7 51. Kf5 b4 52. Ke5 Bg7+ 53. Kf5 Bc3 0-1


[Site "https://www.chess.com"]

[Event "Titled Tuesday Blitz March 15 Early 2022"]
[White "Babazada, Khazar"]
[Black "Shuvalova, Polina"]
[WhiteFideId "13413554"]
[BlackFideId "24171760"]
[WhiteElo "2418"]
[BlackElo "2355"]
[Result "1-0"]
[Round "03"]
[TimeControl "180+1"]
[Date "2022.03.15"]
[WhiteClock "0:00:04"]
[BlackClock "0:00:01"]

1. Nf3 Nf6 2. g3 d5 3. Bg2 g6 4. O-O Bg7 5. b3 O-O 6. Bb2 c5 7. d3 Nc6 8. Nbd2 Qc7 9. e4 Rd8 10. Qe2 b6 11. e5 Nd7 12. Rfe1 Nf8 13. c4 Bb7 14. cxd5 Rxd5 15. Ng5 Rdd8 16. Nc4 h6 17. Nh3 Ne6 18. Nf4 Nxf4 19. gxf4 Nd4 20. Bxd4 Rxd4 21. Qe3 Bxg2 22. Kxg2 Rad8 23. Rad1 Qc6+ 24. Kg1 Qe6 25. Qf3 Qf5 26. Re4 Rxe4 27. dxe4 Rxd1+ 28. Qxd1 Qxf4 29. Qd8+ Bf8 30. Qd5 e6 31. Qb7 h5 32. Qxa7 Qg4+ 33. Kf1 Qd1+ 34. Kg2 Qg4+ 35. Kf1 h4 36. Ne3 Qxe4 37. Qxb6 Qxe5 38. a4 Qxh2 39. a5 h3 40. Qb7 Qe5 41. Ke2 h2 42. Qh1 Qb2+ 43. Kf3 Bd6 44. Qd1 Qf6+ 45. Kg2 Qg5+ 46. Kh1 Bf4 47. a6 Qe5 48. Ng4 Qe4+ 49. f3 Qc6 50. Qd3 Kg7 51. Nxh2 Bxh2 52. Kxh2 Qb6 53. Qc4 e5 54. Qa4 Qa7 55. Qc6 1-0


[Site "https://www.chess.com"]

[Event "Titled Tuesday Blitz March 15 Early 2022"]
[White "Baches Garcia, Guillermo"]
[Black "Bryakin, Mikhail"]
[WhiteFideId "2209764"]
[BlackFideId "4165314"]
[WhiteElo "2432"]
[BlackElo "2417"]
[Result "0-1"]
[Round "03"]
[TimeControl "180+1"]
[Date "2022.03.15"]
[WhiteClock "0:00:17"]
[BlackClock "0:00:37"]

1. e4 e5 2. Nf3 Nf6 3. Nc3 d5 4. d3 d4 5. Ne2 Bd6 6. g3 c5 7. Bg2 Nc6 8. O-O O-O 9. Nh4 Qc7 10. f4 exf4 11. gxf4 Be7 12. Nf5 Bxf5 13. exf5 Rad8 14. Ng3 Nd5 15. Qg4 Kh8 16. Rf3 Bf6 17. Nh5 g6 18. Rh3 Bg7 19. Bxd5 Rxd5 20. f6 Bh6 21. Ng3 Qa5 22. Rxh6 Qe1+ 23. Kg2 Re8 24. Rxh7+ Kxh7 25. Qh4+ Rh5 0-1


[Site "https://www.chess.com"]

[Event "Titled Tuesday Blitz March 15 Early 2022"]
[White "Bacrot, Etienne"]
[Black "Deac, Bogdan-Daniel"]
[WhiteFideId "605506"]
[BlackFideId "1226380"]
[WhiteElo "2673"]
[BlackElo "2646"]
[Result "0-1"]
[Round "03"]
[TimeControl "180+1"]
[Date "2022.03.15"]
[WhiteClock "0:00:01"]
[BlackClock "0:00:04"]

1. e4 c5 2. Nf3 d6 3. Bb5+ Nd7 4. O-O Nf6 5. Re1 a6 6. Bf1 g6 7. c3 Bg7 8. d4 O-O 9. e5 Ne8 10. e6 fxe6 11. Ng5 Nc7 12. dxc5 Nxc5 13. Be3 Nd7 14. Qb3 d5 15. Nd2 Ne5 16. Bd4 Qd6 17. Rad1 Nc6 18. Bb6 Ne8 19. Nde4 Qe5 20. Nxe6 Qxe6 21. Ng5 Qf6 22. Qxd5+ Kh8 23. Ne4 Qf7 24. Qc5 Bf5 25. Bc4 e6 26. Ng5 Qf6 27. Nxe6 Bxe6 28. Rxe6 Qh4 29. g3 Qg4 30. Rde1 Nf6 31. Bb3 Rac8 32. Qd6 Qf5 33. R6e5 Nxe5 34. Rxe5 Qb1+ 35. Kg2 Qxb2 36. Re7 Qxc3 37. Ba4 Qc4 0-1


[Site "https://www.chess.com"]